TOP OF THE 1ST |
Northwest Arkansas Naturals batting - Pitching for Midland RockHounds : RHP Brad Shafer
|
Pitching: RHP Brad Shafer
|
|
Batting: RHB Matt Belgard
|
0-0: Called Strike 0-1: Ball 1-1: Ball 2-1: Ball 3-1: Foul Ball, location: 2F 3-2: Strikes out swinging
|
Batting: LHB Pete Hansel
|
0-0: Ball 1-0: Ball 2-0: SINGLE (Line Drive, 89S, EV 91.9 MPH)
|
Batting: LHB Robby Diaz
|
0-0: Called Strike 0-1: Ball 1-1: Foul Ball, location: 2F 1-2: Strikes out swinging Pete Hansel steals 2nd base (no throw) Batter strikes out.
|
Batting: RHB Ken Postlethwaite
|
0-0: Called Strike 0-1: Ball 1-1: Ball 2-1: Called Strike 2-2: Strikes out looking
|
Top of the 1st over - 0 runs, 1 hit, 0 errors, 1 left on base; Northwest Arkansas 0 - Midland 0 |
BOTTOM OF THE 1ST |
Midland RockHounds batting - Pitching for Northwest Arkansas Naturals : RHP Antonio Santos
|
Pitching: RHP Antonio Santos
|
|
Batting: LHB Tomas Segarra
|
0-0: Fly out, F8 (Flyball, 8RXD, EV 98.8 MPH)
|
Batting: RHB Tim Cordle
|
0-0: Called Strike 0-1: Ball 1-1: Ground out 5-3 (Groundball, 56, EV 100.0 MPH)
|
Batting: LHB Gregg Power
|
0-0: Ball 1-0: Ball 2-0: Fly out, F7 (Flyball, 7, EV 76.2 MPH)
|
Bottom of the 1st over - 0 runs, 0 hits, 0 errors, 0 left on base; Northwest Arkansas 0 - Midland 0 |
TOP OF THE 2ND |
Northwest Arkansas Naturals batting - Pitching for Midland RockHounds : RHP Brad Shafer
|
Batting: SHB Ryoji Hiraoka
|
0-0: Called Strike 0-1: Ball 1-1: Ball 2-1: Foul Ball, location: 2F 2-2: Ball 3-2: Strikes out swinging
|
Batting: RHB Danny Weisse
|
0-0: Called Strike 0-1: Ball 1-1: Ball 2-1: Foul Ball, location: 2F 2-2: Strikes out swinging
|
Batting: RHB Edwin Ramos
|
0-0: Called Strike 0-1: Ground out 6-3 (Groundball, 6M, EV 84.4 MPH)
|
Top of the 2nd over - 0 runs, 0 hits, 0 errors, 0 left on base; Northwest Arkansas 0 - Midland 0 |
BOTTOM OF THE 2ND |
Midland RockHounds batting - Pitching for Northwest Arkansas Naturals : RHP Antonio Santos
|
Batting: RHB Scott Wiggs
|
0-0: Called Strike 0-1: Called Strike 0-2: Strikes out swinging, 2-3 out at first.
|
Batting: SHB Robert Santiago
|
0-0: Ball 1-0: Foul Ball, location: 2F 1-1: SINGLE (Line Drive, 56D, EV 96.2 MPH)
|
Batting: RHB Jonathan Gallup
|
0-0: Foul Ball, location: 2F 0-1: Ball 1-1: Ball Robert Santiago steals 2nd base 2-1: Ball 3-1: Ground out 6-3 (Groundball, 56, EV 96.9 MPH)
|
Batting: SHB Ryan Chicoine
|
0-0: Ground out 5-3 (Groundball, 5, EV 81.2 MPH)
|
Bottom of the 2nd over - 0 runs, 1 hit, 0 errors, 1 left on base; Northwest Arkansas 0 - Midland 0 |
TOP OF THE 3RD |
Northwest Arkansas Naturals batting - Pitching for Midland RockHounds : RHP Brad Shafer
|
Batting: RHB Ben Minge
|
0-0: Called Strike 0-1: Ball 1-1: Fly out, F8 (Line Drive, 8LS, EV 88.1 MPH)
|
Batting: RHB Oren Jones
|
0-0: Ball 1-0: Called Strike 1-1: Called Strike 1-2: Foul Ball, location: 2F 1-2: Reached on error, E6 (Groundball, 6, EV 77.5 MPH)
|
Batting: RHB Matt Belgard
|
0-0: Called Strike 0-1: Ball 1-1: Foul Ball, location: 2F 1-2: Foul Ball, location: 2F 1-2: Fielders Choice at 2nd, 1-6 (Groundball, 34S, EV 60.6 MPH)
|
Batting: LHB Pete Hansel
|
0-0: Fly out, F8 (Flyball, 8RXD, EV 108.1 MPH)
|
Top of the 3rd over - 0 runs, 0 hits, 1 error, 1 left on base; Northwest Arkansas 0 - Midland 0 |
BOTTOM OF THE 3RD |
Midland RockHounds batting - Pitching for Northwest Arkansas Naturals : RHP Antonio Santos
|
Batting: LHB Alan Bianchard
|
0-0: Ball 1-0: Swinging Strike 1-1: SINGLE (Groundball, 34, EV 96.2 MPH)
|
Batting: RHB Matt Sherard
|
0-0: Ball 1-0: Swinging Strike 1-1: Foul Ball, location: 2F 1-2: Ball 2-2: Ball 3-2: Foul Ball, location: 2F 3-2: SINGLE (Groundball, 34S, EV 71.9 MPH) (infield hit) Alan Bianchard to second
|
Pitching: RHP Ian Current
|
|
Batting: LHB Tomas Segarra
|
0-0: Ball 1-0: Ball 2-0: 3-RUN HOME RUN (Flyball, 9D, EV 98.8 MPH), Distance : 381 ft
|
Batting: RHB Tim Cordle
|
0-0: Ball 1-0: Called Strike 1-1: Swinging Strike 1-2: Strikes out swinging
|
Batting: LHB Gregg Power
|
0-0: Called Strike 0-1: Ground out U3 (Groundball, 3, EV 86.9 MPH)
|
Batting: RHB Scott Wiggs
|
0-0: Called Strike 0-1: Called Strike 0-2: Foul Ball, location: 2F 0-2: Strikes out swinging
|
Bottom of the 3rd over - 3 runs, 3 hits, 0 errors, 0 left on base; Northwest Arkansas 0 - Midland 3 |
TOP OF THE 4TH |
Northwest Arkansas Naturals batting - Pitching for Midland RockHounds : RHP Brad Shafer
|
Batting: LHB Robby Diaz
|
0-0: Called Strike 0-1: Ball 1-1: Called Strike 1-2: Ball 2-2: Ball 3-2: Fly out, F4 (Line Drive, 4, EV 69.4 MPH)
|
Batting: RHB Ken Postlethwaite
|
0-0: Foul Ball, location: 2F 0-1: SINGLE (Line Drive, 6MD, EV 96.2 MPH)
|
Batting: SHB Ryoji Hiraoka
|
0-0: Called Strike 0-1: Called Strike Ken Postlethwaite steals 2nd base 0-2: Strikes out swinging
|
Batting: RHB Danny Weisse
|
0-0: Called Strike 0-1: Fly out, F7 (Flyball, 7D, EV 89.4 MPH)
|
Top of the 4th over - 0 runs, 1 hit, 0 errors, 1 left on base; Northwest Arkansas 0 - Midland 3 |
BOTTOM OF THE 4TH |
Midland RockHounds batting - Pitching for Northwest Arkansas Naturals : RHP Ian Current
|
Batting: SHB Robert Santiago
|
0-0: Swinging Strike 0-1: Called Strike 0-2: Strikes out swinging
|
Batting: RHB Jonathan Gallup
|
0-0: Called Strike 0-1: Ball 1-1: Foul Ball, location: 2F 1-2: DOUBLE (Groundball, 5L, EV 95.0 MPH)
|
Batting: SHB Ryan Chicoine
|
0-0: TRIPLE (Flyball, 78XD, EV 106.9 MPH) Jonathan Gallup scores
|
Batting: LHB Alan Bianchard
|
0-0: Called Strike 0-1: Ball 1-1: Ball 2-1: Called Strike 2-2: Fly out, F7 (Line Drive, 7S, EV 85.6 MPH)
|
Batting: RHB Matt Sherard
|
0-0: Foul Ball, location: 2F 0-1: Swinging Strike 0-2: Foul Ball, location: 2F 0-2: Foul Ball, location: 2F 0-2: Strikes out looking
|
Bottom of the 4th over - 1 run, 2 hits, 0 errors, 1 left on base; Northwest Arkansas 0 - Midland 4 |
TOP OF THE 5TH |
Northwest Arkansas Naturals batting - Pitching for Midland RockHounds : RHP Brad Shafer
|
Batting: RHB Edwin Ramos
|
0-0: Ball 1-0: SINGLE (Groundball, 6MS, EV 68.1 MPH) (infield hit)
|
Batting: RHB Ben Minge
|
0-0: Ball Edwin Ramos is caught stealing 2nd base 2-4 1-0: Swinging Strike 1-1: Called Strike 1-2: Fly out, F8 (Flyball, 8RXD, EV 104.4 MPH)
|
Batting: RHB Oren Jones
|
0-0: Ball 1-0: Ball 2-0: Ball 3-0: Called Strike 3-1: Fly out, F8 (Flyball, 78S, EV 87.5 MPH)
|
Top of the 5th over - 0 runs, 1 hit, 0 errors, 0 left on base; Northwest Arkansas 0 - Midland 4 |
BOTTOM OF THE 5TH |
Midland RockHounds batting - Pitching for Northwest Arkansas Naturals : RHP Ian Current
|
Batting: LHB Tomas Segarra
|
0-0: Foul Ball, location: 2F 0-1: Ball 1-1: Foul Ball, location: 2RF, Error on foul ball, E2 1-2: Strikes out swinging
|
Batting: RHB Tim Cordle
|
0-0: Called Strike 0-1: Called Strike 0-2: Ball 1-2: Strikes out swinging
|
Batting: LHB Gregg Power
|
0-0: Ground out 4-3 (Groundball, 34D, EV 100.0 MPH)
|
Bottom of the 5th over - 0 runs, 0 hits, 1 error, 0 left on base; Northwest Arkansas 0 - Midland 4 |
TOP OF THE 6TH |
Northwest Arkansas Naturals batting - Pitching for Midland RockHounds : RHP Brad Shafer
|
Batting: RHB Matt Belgard
|
0-0: Foul Ball, location: 2F 0-1: Ball 1-1: Called Strike 1-2: Foul Ball, location: 2F 1-2: Foul Ball, location: 2F 1-2: Foul Ball, location: 2F 1-2: SINGLE (Groundball, 56S, EV 66.2 MPH) (infield hit)
|
Batting: LHB Pete Hansel
|
0-0: Ball 1-0: Ball 2-0: Called Strike 2-1: Ball 3-1: Base on Balls Matt Belgard to second
|
Batting: LHB Robby Diaz
|
0-0: Ball 1-0: Ball 2-0: Ball 3-0: Called Strike 3-1: Foul Ball, location: 2F 3-2: Base on Balls Matt Belgard to third Pete Hansel to second
|
Batting: RHB Ken Postlethwaite
|
0-0: Swinging Strike 0-1: Fly out, F7 (Flyball, 78S, EV 90.6 MPH) Runner from 3rd tags up, SCORES, throw by LF Pete Hansel to third
|
Batting: SHB Ryoji Hiraoka
|
0-0: Swinging Strike 0-1: Called Strike 0-2: Fly out, F8 (Line Drive, 8LD, EV 100.0 MPH)
|
Pitching: LHP David Noffsinger
|
|
Batting: RHB Danny Weisse
|
0-0: Fielders Choice at 2nd, 6-4 (Groundball, 6, EV 85.0 MPH)
|
Top of the 6th over - 1 run, 1 hit, 0 errors, 2 left on base; Northwest Arkansas 1 - Midland 4 |
BOTTOM OF THE 6TH |
Midland RockHounds batting - Pitching for Northwest Arkansas Naturals : RHP Ian Current
|
Pitching: RHP Phil Kellum
|
|
Batting: RHB Scott Wiggs
|
0-0: Ground out 6-3 (Groundball, 6, EV 106.9 MPH)
|
Batting: SHB Robert Santiago
|
0-0: Fly out, F5 (Line Drive, 56, EV 96.9 MPH)
|
Batting: RHB Jonathan Gallup
|
0-0: Swinging Strike 0-1: Called Strike 0-2: Foul Ball, location: 2F 0-2: Foul Ball, location: 2F 0-2: Foul Ball, location: 2F 0-2: Ball 1-2: Strikes out looking
|
Bottom of the 6th over - 0 runs, 0 hits, 0 errors, 0 left on base; Northwest Arkansas 1 - Midland 4 |
TOP OF THE 7TH |
Northwest Arkansas Naturals batting - Pitching for Midland RockHounds : LHP David Noffsinger
|
Batting: RHB Edwin Ramos
|
0-0: Ball 1-0: Swinging Strike 1-1: Called Strike 1-2: SINGLE (Groundball, 6MD, EV 100.6 MPH)
|
Batting: RHB Ben Minge
|
0-0: Called Strike 0-1: Swinging Strike 0-2: Ball 1-2: Ball 2-2: Foul Ball, location: 2F 2-2: Strikes out swinging
|
Batting: RHB Oren Jones
|
Pickoff Throw to First - Error! E1 Edwin Ramos to second 0-0: Ball 1-0: Foul Ball, location: 2F 1-1: Called Strike 1-2: Strikes out swinging
|
Batting: RHB Matt Belgard
|
0-0: Ball 1-0: Ground out 5-3 (Groundball, 56, EV 101.2 MPH)
|
Top of the 7th over - 0 runs, 1 hit, 1 error, 1 left on base; Northwest Arkansas 1 - Midland 4 |
BOTTOM OF THE 7TH |
Midland RockHounds batting - Pitching for Northwest Arkansas Naturals : RHP Phil Kellum
|
Batting: SHB Ryan Chicoine
|
0-0: Called Strike 0-1: SOLO HOME RUN (Flyball, 89XD, EV 106.9 MPH), Distance : 408 ft
|
Batting: LHB Alan Bianchard
|
0-0: Fly out, F9 (Line Drive, 89D, EV 110.6 MPH)
|
Batting: RHB Matt Sherard
|
0-0: Ball 1-0: Ball 2-0: Foul Ball, location: 2F 2-1: Fly out, F8 (Flyball, 8RM, EV 90.6 MPH)
|
Batting: LHB Tomas Segarra
|
0-0: Foul Ball, location: 2F 0-1: Called Strike 0-2: Strikes out swinging
|
Bottom of the 7th over - 1 run, 1 hit, 0 errors, 0 left on base; Northwest Arkansas 1 - Midland 5 |
TOP OF THE 8TH |
Northwest Arkansas Naturals batting - Pitching for Midland RockHounds : LHP David Noffsinger
|
Batting: LHB Pete Hansel
|
0-0: Foul Ball, location: 2F 0-1: Foul Ball, location: 2F 0-2: SINGLE (Groundball, 34S, EV 70.6 MPH) (infield hit)
|
Batting: LHB Robby Diaz
|
0-0: Ball 1-0: Fly out, F7 (Flyball, 78M, EV 89.4 MPH)
|
Batting: RHB Ken Postlethwaite
|
0-0: Ball 1-0: Foul Ball, location: 2F 1-1: Fly out, F8 (Flyball, 8RD, EV 103.8 MPH)
|
Batting: SHB Ryoji Hiraoka
|
0-0: Foul Ball, location: 2F 0-1: Swinging Strike 0-2: Ball 1-2: Strikes out swinging
|
Top of the 8th over - 0 runs, 1 hit, 0 errors, 1 left on base; Northwest Arkansas 1 - Midland 5 |
BOTTOM OF THE 8TH |
Midland RockHounds batting - Pitching for Northwest Arkansas Naturals : RHP Phil Kellum
|
Pitching: RHP Gary Ackerman
|
|
Batting: RHB Tim Cordle
|
0-0: Called Strike 0-1: Foul Ball, location: 2F 0-2: Strikes out looking
|
Batting: LHB Gregg Power
|
0-0: Ball 1-0: Called Strike 1-1: Ball 2-1: SINGLE (Groundball, 6D, EV 110.6 MPH)
|
Batting: RHB Scott Wiggs
|
0-0: Foul Ball, location: 2F 0-1: Foul Ball, location: 2F 0-2: Hit by Pitch Gregg Power to second
|
Batting: SHB Robert Santiago
|
0-0: Ball 1-0: Swinging Strike 1-1: Called Strike 1-2: Ball 2-2: Foul Ball, location: 2F 2-2: SINGLE (Flyball, 7LS, EV 100.6 MPH) Gregg Power to third Scott Wiggs to second
|
Batting: RHB Jonathan Gallup
|
0-0: Grounds into double play, 5-4-3 (Groundball, 56, EV 101.2 MPH)
|
Bottom of the 8th over - 0 runs, 2 hits, 0 errors, 2 left on base; Northwest Arkansas 1 - Midland 5 |
TOP OF THE 9TH |
Northwest Arkansas Naturals batting - Pitching for Midland RockHounds : LHP David Noffsinger
|
Pitching: RHP Tony Contreras
|
|
Batting: RHB Danny Weisse
|
0-0: Foul Ball, location: 2F 0-1: Ball 1-1: Ball 2-1: Ground out 5-3 (Groundball, 56S, EV 64.4 MPH)
|
Batting: RHB Edwin Ramos
|
0-0: Fly out, F9 (Flyball, 9, EV 84.4 MPH)
|
Batting: RHB Ben Minge
|
0-0: Swinging Strike 0-1: Ball 1-1: Swinging Strike 1-2: Strikes out swinging
|
Top of the 9th over - 0 runs, 0 hits, 0 errors, 0 left on base; Northwest Arkansas 1 - Midland 5 |
|